 Dungeon Crawl Stone Soup version 0.32-a0-999-gfa1cc04b1d (webtiles) character file.

Game seed: 10709020180947554118

1321 Cancer the Covert (level 8, -4/52 HPs)
             Began as an Octopode Delver on Apr 24, 2024.
             Slain by an ice beast (10 damage)
             ... on level 5 of the Dungeon.
             The game lasted 00:15:25 (5702 turns).

Cancer the Covert (Octopode Delver)                 Turns: 5702, Time: 00:15:25

Health: -4/52      AC:  5    Str: 12    XL:     8   Next: 59%
Magic:  9/9        EV: 12    Int: 12    God:
Gold:   260        SH:  0    Dex: 15    Spells: 7/9 levels left

rFire   . .          .
                       - Unarmed
rCold   . . .        (no shield)
rNeg    . . .        (helmet restricted)
rPois   .            (no amulet)
rElec   .            l - +4 ring of protection
rCorr   .            (no ring)
SInv    .            (no ring)
Will    .....        (no ring)
Stlth   +++++        (no ring)
HPRegen 0.28/turn    (no ring)
MPRegen 0.11/turn    (no ring)
                     (no ring)

%: no passive effects
@: no status effects
A: almost no armour, amphibious, 8 rings, camouflage 1, gelatinous body 1,
(nimble swimmer 1), tentacles
a: no special abilities


You were on level 5 of the Dungeon.
You visited 2 branches of the dungeon, and saw 6 of its levels.
You also visited: Sewer.

You collected 260 gold pieces.

Inventory:

Hand Weapons
 q - a +2 vampiric hand axe
Jewellery
 l - a +4 ring of protection (left tentacle)
Talismans
 k - a blade talisman
Wands
 e - a wand of digging (10)
 t - a wand of flame (6)
 v - a wand of polymorph (8)
Scrolls
 a - 4 scrolls of fog
 b - a scroll of revelation
 c - 5 scrolls of fear
 f - 2 scrolls of poison {unknown}
 i - 6 scrolls of teleportation {unknown}
 j - 6 scrolls of identify {unknown}
 o - a scroll of amnesia {unknown}
 r - a scroll of acquirement {unknown}
 s - a scroll of vulnerability {unknown}
 w - a scroll of immolation {unknown}
Potions
 d - 2 potions of haste
 g - 3 potions of mutation {unknown}
 h - 3 potions of magic {unknown}
 m - 4 potions of curing {unknown}
 n - a potion of cancellation {unknown}
 p - a potion of heal wounds {unknown}
 u - a potion of lignification {unknown}


   Skills:
 - Level 3.0 Fighting
 - Level 2.0 Dodging
 + Level 9.8 Stealth
 + Level 8.6 Unarmed Combat
 - Level 1.0 Spellcasting
 - Level 2.0 Translocations


You had 7 spell levels left.
You knew the following spells:

 Your Spells              Type           Power      Damage    Failure   Level
a - Blink                 Tloc           10%        N/A       21%         2

Your spell library contained the following spells:

 Spells                   Type           Power      Damage    Failure   Level
 Magic Dart               Conj           0%         1d3       30%         1
 Call Imp                 Summ           0%         N/A       41%         2
 Dazzling Flash           Conj/Hex       0%         N/A       65%         3
 Starburst                Conj/Fire      0%         6d3       100%        6
 Fulsome Fusillade        Conj/Alch      0%         (3-5)d4   100%        8


Dungeon Overview and Level Annotations

Branches:
Dungeon (5/15)             Temple (1/1) D:4           Sewer (visited)

Altars:
Ashenzari
Cheibriados
Dithmenos
Elyvilon
Fedhas
Gozag
Hepliaklqana
Kikubaaqudgha
Nemelex Xobeh
Okawaru
Qazlal
Ru
Sif Muna
Trog
Vehumet
Wu Jian
Xom
Yredelemnul
Zin
The Shining One

Shops:
D:3 :   D:4 *

Annotations:
D:5 3 runed translucent doorsiguana,slime, exclusion: ogre, THTSBRD's ghost, amateur MDMo


Innate Abilities, Weirdness & Mutations

You cannot wear most types of armour.
You are amphibious.
You can wear up to eight rings at the same time.
Your skin changes colour to match your surroundings (Stealth+).
Your rubbery body absorbs attacks. (AC +1, EV +1)
((You are camouflaged when in or above water. (Stealth+)))
You have tentacles for arms and can constrict up to eight enemies at once.


Message History

The ufetubus hits you but does no damage.
You completely miss the ufetubus. Your grab misses the ufetubus.
The ufetubus is moderately wounded.
The ufetubus hits you. The ufetubus closely misses you. x3
The ufetubus completely misses you. The ufetubus barely misses you.
You closely miss the ufetubus. You grab the ufetubus.
The ufetubus is moderately wounded.
You constrict the ufetubus. The ufetubus barely misses you.
The ufetubus closely misses you.
The ufetubus hits you but does no damage. x2
You completely miss the ufetubus. You squeeze the ufetubus.
You kill the ufetubus!
The ufetubus hits you but does no damage.
The ufetubus closely misses you.
You bludgeon the ufetubus!
You kill the ufetubus!
The ice beast misses you.
You closely miss the ice beast.
The ice beast hits you but does no damage.
You closely miss the ice beast. You bludgeon the ice beast!
You squeeze the ice beast.
The ice beast is moderately wounded.
The ice beast hits you but does no damage.
You tentacle-slap the ice beast but do no damage.
You squeeze the ice beast.
The ice beast is heavily wounded.
The ice beast hits you. The ice beast freezes you!
You tentacle-slap the ice beast but do no damage.
The ice beast is heavily wounded.
The ice beast hits you. The ice beast freezes you.
You closely miss the ice beast.
The ice beast is heavily wounded.
The ice beast hits you. The ice beast freezes you!
* * * LOW HITPOINT WARNING * * *
You closely miss the ice beast. Your squeeze misses the ice beast.
The ice beast is heavily wounded.
The ice beast hits you.
* * * LOW HITPOINT WARNING * * *
The ice beast freezes you!
You die...

#.....................#.....#
#...................###...###
..?##...............#.##.#####
.........................#.##.
....................†.........
#........................#..#
..#......##.............###..#
#........###...........## ##.#
#+##..[..#...@..........# #...
###......Y...........####.#
##........(........#.....
+.......................
#.......................
#......................##
####...#....................#
+##....#.......................#
.O..####..........#...#......#.


You could see an ice beast.

Vanquished Creatures
  A black bear (D:4)
  3 phantoms
  2 brain worms (Sewer)
  2 scorpions (D:4)
  A water moccasin zombie (D:4)
  A centaur zombie (D:4)
  A hound (D:5)
  A bombardier beetle (D:4)
  A bullfrog skeleton (D:4)
  3 orc priests (D:4)
  A jelly (D:5)
  Crazy Yiuf (D:3)
  4 iguanas (D:5)
  2 orc wizards
  2 hound zombies (D:4)
  A howler monkey zombie (D:4)
  4 gnolls (D:3)
  4 river rats (Sewer)
  8 adders
  A white imp (D:5)
  2 ufetubi (D:5)
  An adder zombie (D:4)
  An adder skeleton (D:4)
  A dart slug (D:1)
  9 orcs
  2 endoplasms
  4 giant cockroaches (D:5)
  7 goblins
  5 hobgoblins
  5 kobolds
  5 quokkas
  17 ball pythons
  7 bats
  11 frilled lizards
  8 rats
129 creatures vanquished.

Notes
Turn   | Place    | Note
-------+----------+-------------------------------------------
     0 | D:5      | Cancer the Octopode Delver began the quest for the Orb.
     0 | D:5      | Reached XP level 1. HP: 16/16 MP: 1/1
     6 | D:5      | Found a glowing drain.
    24 | D:5      | Reached XP level 2. HP: 21/21 MP: 2/2
    38 | D:5      | Found a runed translucent gate.
    38 | D:5      | Noticed a kobold brigand
    39 | D:5      | Found a runed translucent gate.
    40 | D:5      | Found a runed translucent gate.
    41 | D:5      | Noticed THTSBRD's ghost (amateur MDMo)
   135 | D:5      | Noticed an ogre
   160 | Sewer    | Entered a sewer
   196 | Sewer    | Noticed a brain worm
   214 | Sewer    | Killed a brain worm
   215 | Sewer    | Reached XP level 3. HP: 4/26 MP: 1/3
   215 | Sewer    | Reached XP level 4. HP: 5/31 MP: 1/4
   476 | Sewer    | Reached skill level 5 in Unarmed Combat
   476 | Sewer    | Reached XP level 5. HP: 27/36 MP: 5/5
   621 | D:5      | Noticed an ice beast
   689 | D:5      | Noticed a phantom
   797 | D:4      | Reached XP level 6. HP: 30/42 MP: 6/6
   887 | D:4      | Found Eppukk's General Store.
   950 | D:4      | Noticed a black bear
  1011 | D:3      | Found Doyshu's Book Shoppe.
  2903 | D:1      | Learned a level 2 spell: Blink
  3485 | D:3      | Reached skill level 7 in Stealth
  3485 | D:3      | Reached XP level 7. HP: 41/46 MP: 7/7
  3703 | D:3      | Found a faded altar of an unknown god.
  3893 | D:3      | Found a runed translucent door.
  3894 | D:3      | Noticed Crazy Yiuf
  3900 | D:3      | Killed Crazy Yiuf
  4579 | D:4      | Reached skill level 8 in Stealth
  4748 | D:4      | Reached skill level 1 in Translocations
  4790 | D:4      | Found a staircase to the Ecumenical Temple.
  4804 | Temple   | Entered the Ecumenical Temple
  4880 | D:4      | Found a radiant altar of Vehumet.
  4959 | D:4      | Reached XP level 8. HP: 37/52 MP: 8/8
  5385 | D:4      | Reached skill level 9 in Stealth
  5483 | D:4      | Reached skill level 1 in Spellcasting
  5702 | D:5      | Slain by an ice beast

Illustrated notes

Levels and vault maps discovered:
D:1:      roderic_crop_circles_arrival_small, layout_basic
D:2:      layout_basic
D:3:      layout_loops_ring, nicolae_ecumenical_snake_handling, serial_shops,
          shop, uniq_crazy_yiuf_cottage
D:4:      layout_basic, marbit_many_paths, minmay_temple_entry_arrows,
          serial_undead, serial_undead_d, serial_undead_e, serial_undead_b,
          serial_undead_b, serial_shops, nicolae_shop_stone
D:5:      layout_cave_pools, gammafunk_ghost_nasty_kobolds,
          portal_sewer_entry_f, minmay_divided_ellipse, uniq_edmund
Temple:   compressed_dpeg_triangle_lava_temple

Skill      XL: |  1  2  3  4  5  6  7  8 |
---------------+-------------------------+-----
Unarmed Combat | 4 5 6 7 8 |  8.6
Stealth        | 7 8 9 |  9.8
Translocations | 1 2 |  2.0
Spellcasting   | 1 |  1.0
Fighting       | |  3.0
Dodging        | |  2.0

Action                     |  1- 3 |  4- 6 |  7- 9 || total
---------------------------+-------+-------+-------++-------
  Melee: Unarmed           |    22 |   120 |   135 ||   277
         Constrict         |     9 |    25 |    35 ||    69
         Tentacles         |     7 |    17 |    27 ||    51
         Punch             |       |     6 |    10 ||    16
   Stab: Sleeping          |     4 |    33 |    11 ||    48
         Distracted        |       |     1 |       ||     1
 Armour: Skin              |     6 |    39 |    68 ||   113
  Dodge: Dodged            |    12 |    54 |    53 ||   119

Table legend: (Time is in decaauts)
 A = Elapsed time spent in this place.
 B = Non-inter-level travel time spent in this place.
 C = Inter-level travel time spent in this place.
 D = Time resting spent in this place.
 E = Time spent auto-exploring this place.
 F = Levels seen in this place.
 G = Mean time per level.
                   A        B        C        D        E       F      G
               +--------+--------+--------+--------+--------+-----+--------+
         Total |   5670 |   4992 |    678 |    475 |   2898 |   7 |  810.0 |
       Dungeon |   5224 |   4546 |    678 |    329 |   2892 |   5 | 1044.8 |
        Temple |      1 |      1 |      0 |      0 |      0 |   1 |    1.0 |
         Sewer |    444 |    444 |      0 |    146 |      6 |   1 |  444.0 |
               +--------+--------+--------+--------+--------+-----+--------+

Top non-repeatable levels by time:
     D:2: 1357 daAuts
     D:4: 1325 daAuts
     D:3: 1051 daAuts
     D:1: 935 daAuts
     D:5: 554 daAuts
   Sewer: 444 daAuts
  Temple: 1 daAuts
